 Dungeon Crawl Stone Soup version 0.24-a0-163-g64c5a76fe2 (webtiles) character file.

Game seed: 2484145679593401403

2122 Wolly the Destroyer (level 9, 0/52 HPs)
             Began as a Deep Elf Conjurer on Mar 6, 2019.
             Was an Initiate of Sif Muna.
             Slain by a two-headed ogre
             ... wielding a +0 giant club
              (8 damage)
             ... on level 8 of the Dungeon.
             The game lasted 00:18:24 (10142 turns).

Wolly the Destroyer (Deep Elf Conjurer)            Turns: 10142, Time: 00:18:24

Health: 0/52       AC:  2    Str:  5    XL:     9   Next: 8%
Magic:  7/21       EV: 16    Int: 24    God:    Sif Muna [......]
Gold:   50         SH:  0    Dex: 15    Spells: 12/22 levels left

rFire    + . .     SeeInvis .   c - +2 short sword (venom)
rCold    . . .     Gourm    .   (no shield)
rNeg     . . .     Faith    .   a - +0 robe
rPois    .         Spirit   .   w - +0 helmet
rElec    .         Reflect  .   (no cloak)
rCorr    .         Harm     .   (no gloves)
MR       .....                  H - +0 pair of boots
Stlth    ++........             r - amulet of magic regeneration (curse)
HPRegen  0.17/turn              g - -2 ring of protection (curse)
MPRegen  0.42/turn              i - ring of protection from fire

@: no status effects
A: no striking features
a: Renounce Religion


You were on level 8 of the Dungeon.
You worshipped Sif Muna.
Sif Muna was noncommittal.
You were not hungry.

You visited 2 branches of the dungeon, and saw 9 of its levels.

You collected 380 gold pieces.
You spent 330 gold pieces at shops.

Inventory:

Hand Weapons
 c - a +2 short sword of venom (weapon)
   (You took it off a kobold on level 2 of the Dungeon)
Missiles
 y - 3 javelins (quivered)
 B - a throwing net {!f}
Armour
 a - a +0 robe (worn)
 w - a +0 helmet (worn)
   (You found it on level 4 of the Dungeon)
 H - a +0 pair of boots (worn)
   (You found it on level 7 of the Dungeon)
Magical Staves
 F - a cursed staff of earth
   (You found it on level 7 of the Dungeon)
Jewellery
 g - a cursed -2 ring of protection (left hand)
   (You found it on level 1 of the Dungeon)
 i - a ring of protection from fire (right hand)
   (You found it on level 6 of the Dungeon)
 o - an uncursed ring of protection from cold
   (You took it off an orc on level 3 of the Dungeon)
 r - a cursed amulet of magic regeneration (around neck)
   (You found it on level 4 of the Dungeon)
 C - a +5 ring of strength
   (You found it on level 2 of the Dungeon)
 G - a +4 amulet of reflection {unknown}
   (You found it on level 7 of the Dungeon)
Wands
 b - a wand of enslavement (2)
   (You took it off an orc on level 5 of the Dungeon)
 d - a wand of iceblast (12)
   (You found it on level 7 of the Dungeon)
 t - a wand of flame (9)
   (You found it on level 7 of the Dungeon)
Scrolls
 p - a scroll of teleportation {@r4}
 x - 2 scrolls of identify {@r1}
Potions
 f - 4 potions of lignification {!q}
 h - 5 potions of curing {@q1}
 j - a potion of brilliance {unknown}
 k - a potion of resistance
 l - a potion of heal wounds {@q2}
 m - 2 potions of haste {@q3}
 n - 2 potions of flight
 q - a potion of agility
 s - a potion of degeneration {unknown}
 v - a potion of magic
 z - a potion of might {unknown}
 A - 2 potions of mutation {unknown}
 D - a potion of ambrosia
Comestibles
 e - 10 rations {!d}


   Skills:
 + Level 4.3 Fighting
 + Level 6.6 Dodging
 - Level 2.4 Stealth
 - Level 7.2 Spellcasting
 + Level 9.1 Conjurations
 - Level 3.0 Hexes
 * Level 1.4 Earth Magic


You had 12 spell levels left.
You knew the following spells:

 Your Spells              Type           Power        Failure   Level  Hunger
a - Magic Dart            Conj           ####         1%          1    None
b - Iron Shot             Conj/Erth      ####......   77%         6    ######.
s - Dazzling Spray        Conj/Hex       #####.       1%          3    None

Your spell library contained the following spells:

 Spells                   Type           Power        Failure   Level  Hunger
 Searing Ray              Conj           ######       1%          2    None
 Iskenderun's Mystic Bla  Conj           ######..     1%          4    ###....
 Fulminant Prism          Conj/Hex       #####.....   6%          4    ###....
 Force Lance              Conj/Tloc      ####....     11%         4    ###....
 Leda's Liquefaction      Hex/Erth       ###.......   28%         4    ###....
 Bolt of Magma            Conj/Fire/Erth ####......   43%         5    #####..
 Statue Form              Tmut/Erth      ##.......    100%        6    ######.
 Shatter                  Erth           ###.......   100%        9    #######


Dungeon Overview and Level Annotations

Branches:
Dungeon (8/15)             Temple (1/1) D:5
   Lair: D:8-11

Altars:
Ashenzari
Cheibriados
Dithmenos
Elyvilon
Fedhas
Gozag
Hepliaklqana
Kikubaaqudgha
Nemelex Xobeh
Okawaru
Qazlal
Ru
Sif Muna
Trog
Uskayaw
Vehumet
Wu Jian
Xom
Yredelemnul
Zin
The Shining One

Shops:
D:7 ((:*?


Message History

You climb downwards.
A bullfrog and a two-headed ogre come into view.
Found 9 gold pieces.
There is a stone staircase leading up here.
Aim: a two-headed ogre, wielding two +0 giant clubs (resting)
The spray of energy hits the two-headed ogre.
The two-headed ogre shouts in stereo!
The bullfrog gives a loud, deep croak!
You hear a horrible gurgling sound!
Aim: a two-headed ogre, wielding two +0 giant clubs (lightly wounded)
The spray of energy hits the two-headed ogre.
The two-headed ogre is dazzled.
A red ugly thing comes into view.
The bullfrog hits you.
Aim: a bullfrog (chance to defeat MR: 46%)
The bullfrog resists with some effort.
The bullfrog hits you.
Aim: a bullfrog (chance to defeat MR: 46%)
The bullfrog resists with some effort.
The bullfrog hits you. The two-headed ogre barely misses you.
The two-headed ogre completely misses you.
The bullfrog misses you.
Aim: a bullfrog (chance to defeat MR: 46%)
The bullfrog is charmed.
The two-headed ogre is no longer blind.
The two-headed ogre misses you. The two-headed ogre closely misses you.
The two-headed ogre hits your bullfrog with a +0 giant club!!
Your bullfrog dies!
Found a stone staircase leading down.
Aim: a two-headed ogre, wielding two +0 giant clubs (lightly wounded)
The spray of energy hits the two-headed ogre!
Aim: a two-headed ogre, wielding two +0 giant clubs (moderately wounded)
The spray of energy hits the two-headed ogre!
The two-headed ogre is dazzled.
A bullfrog skeleton comes into view.
Aim: a two-headed ogre, wielding two +0 giant clubs (moderately wounded, blind)
The magic dart hits the two-headed ogre.
The two-headed ogre barely misses you. The two-headed ogre closely misses you.
Aim: a two-headed ogre, wielding two +0 giant clubs (heavily wounded, blind)
The magic dart hits the two-headed ogre.
Aim: a red ugly thing The magic dart hits the red ugly thing.
Aim: a red ugly thing (lightly wounded)
The spray of energy hits the red ugly thing!
The red ugly thing barely misses you.
Aim: a red ugly thing (moderately wounded)
The magic dart hits the red ugly thing.
The red ugly thing trunk-slaps you!
You are engulfed in flames.
You resist.
* * * LOW HITPOINT WARNING * * *
The two-headed ogre hits you with a +0 giant club!!
* * * LOW HITPOINT WARNING * * *
The two-headed ogre hits you with a +0 giant club!
You die...

. #.#####
....... ####
...#... ...#
....... ...##
......Z#....#
#.?..#<#...#
#...O#u...#
#....@....#
##........#
#$#..##..#
#..... .##
##...# ##
#...# ##>.#
##..


You could see a red ugly thing and a two-headed ogre.

Vanquished Creatures
  A hippogriff (D:7)
  2 orc warriors
  2 black bears
  An ice beast (D:5)
  A phantom (D:5)
  3 ogres
  2 centaurs
  A bullfrog (D:7)
  A scorpion (D:5)
  2 howler monkeys
  A crimson imp (D:7)
  2 orc priests (D:3)
  A centaur zombie (D:7)
  5 orc wizards
  Natasha (thrice) (D:4)
  An iguana (D:6)
  5 worker ants
  A worker ant zombie (D:5)
  Robin (D:2)
  11 adders
  3 shadow imps
  2 oozes
  2 adder zombies (D:6)
  A worm (D:2)
  5 dart slugs
  5 leopard geckos
  24 orcs
  7 bats
  4 giant cockroaches
  21 goblins
  12 hobgoblins
  26 jackals
  4 quokkas
  4 ball pythons
  8 frilled lizards
  A jackal skeleton (D:6)
  8 kobolds
  A leopard gecko skeleton (D:4)
  A quokka zombie (D:5)
  9 rats
195 creatures vanquished.

Vanquished Creatures (others)
  A bullfrog (D:8)
1 creature vanquished.

Grand Total: 196 creatures vanquished

Notes
Turn   | Place    | Note
-------+----------+-------------------------------------------
     0 | D:1      | Wolly the Deep Elf Conjurer began the quest for the Orb.
     0 | D:1      | Reached XP level 1. HP: 10/10 MP: 6/6
   258 | D:1      | Reached XP level 2. HP: 15/15 MP: 1/8
   765 | D:1      | Reached XP level 3. HP: 20/20 MP: 3/9
  1272 | D:2      | Reached skill level 5 in Conjurations
  1402 | D:2      | Reached skill level 1 in Fighting
  1581 | D:2      | Noticed Robin
  1718 | D:2      | Reached XP level 4. HP: 25/25 MP: 2/11
  1825 | D:2      | Killed Robin
  2172 | D:2      | Found a glowing golden altar of the Shining One.
  2947 | D:2      | Reached XP level 5. HP: 29/29 MP: 10/13
  3098 | D:2      | Learned a level 3 spell: Dazzling Spray
  3881 | D:3      | Reached skill level 1 in Hexes
  4470 | D:3      | Reached skill level 6 in Conjurations
  4470 | D:3      | Reached XP level 6. HP: 3/35 MP: 2/14
  5020 | D:4      | Found a sacrificial altar of Ru.
  5046 | D:4      | Noticed Natasha
  5051 | D:4      | Killed Natasha
  5235 | D:4      | Noticed Natasha
  5243 | D:4      | Killed Natasha
  5371 | D:4      | Reached skill level 5 in Spellcasting
  5474 | D:4      | Noticed Natasha
  5476 | D:4      | Killed Natasha
  5476 | D:4      | Reached XP level 7. HP: 40/40 MP: 11/16
  5629 | D:5      | Entered Level 5 of the Dungeon
  5964 | D:5      | Reached skill level 5 in Dodging
  5964 | D:5      | Reached skill level 7 in Conjurations
  6064 | D:5      | Found an opulent altar of Gozag.
  6080 | D:5      | Found a hazy altar of Hepliaklqana.
  6080 | D:5      | Found a basalt altar of Yredelemnul.
  6266 | D:5      | Found a deep blue altar of Sif Muna.
  6267 | D:5      | Found an ornate altar of the Wu Jian Council.
  6286 | D:5      | Found a staircase to the Ecumenical Temple.
  6298 | Temple   | Entered the Ecumenical Temple
  6897 | D:5      | Reached XP level 8. HP: 19/46 MP: 11/18
  7240 | D:6      | Found a bloodstained altar of Trog.
  7385 | D:6      | Reached skill level 8 in Conjurations
  7402 | D:6      | Found a sparkling altar of Nemelex Xobeh.
  8139 | D:6      | Found a radiant altar of Vehumet.
  8683 | D:5      | Found an iron altar of Okawaru.
  8693 | D:5      | Became a worshipper of Sif Muna the Loreminder
  8746 | D:7      | Found Huuceoch's Antique Weapon Emporium.
  8746 | D:7      | Noticed a hippogriff
  8988 | D:7      | Found Nelynk's Weapon Shoppe.
  9206 | D:7      | Killed a hippogriff
  9206 | D:7      | Reached skill level 9 in Conjurations
  9471 | D:7      | Found a hide-covered altar of Uskayaw.
  9580 | D:7      | Found Kautsit's Book Shoppe.
  9591 | D:7      | Found Opnuic's Assorted Antiques.
  9597 | D:7      | Bought a metal-bound book for 330 gold pieces
  9604 | D:7      | Learned a level 6 spell: Iron Shot
  9624 | D:7      | Found Xueshaiv's Magic Scroll Boutique.
  9643 | D:7      | Reached XP level 9. HP: 52/52 MP: 15/21
  9814 | D:7      | Reached skill level 1 in Earth Magic
 10128 | D:8      | Noticed a two-headed ogre
 10130 | D:8      | Noticed a red ugly thing
 10142 | D:8      | Slain by a two-headed ogre

Levels and vault maps discovered:
D:1:      lightli_iron_boxes, layout_basic
D:2:      minmay_razor_zed, layout_basic, nicolae_tso_swordbearing_angel,
          wad_orctagon, uniq_robin
D:3:      layout_rooms, first_ration
D:4:      layout_loops_ring, nicolae_ru_the_path_less_chosen, uniq_natasha
D:5:      layout_rooms, nicolae_overflow_hidden_temple,
          gammafunk_temple_overflow_elements, minmay_temple_entry_antechambers,
          mrwooster_statue_mirror
D:6:      layout_layer_cave, lemuel_crystal_altar, lemuel_doored_altar,
          old_standard_altar
D:7:      layout_loops_ring, eat_drink_and_be_merry_uskayaw, serial_shops,
          nicolae_shop_overgrown_old_shop,
          nicolae_shop_temple_entry_statues_fountains, nicolae_shop_crystal,
          shop, shop_statue, bh_walls_and_bars
D:8:      layout_basic, gammafunk_ghost_nasty_kobolds, the_bakery, st_stairs_14
Temple:   compressed_dpeg_triangle_lava_temple

Skill      XL: |  1  2  3  4  5  6  7  8  9 |
---------------+----------------------------+-----
Dodging        | 3 4 5 6 |  6.6
Conjurations   | 5 6 7 9 |  9.1
Fighting       | 1 2 3 4 |  4.3
Spellcasting   | 4 5 7 |  7.2
Hexes          | 1 2 3 |  3.0
Earth Magic    | 1 |  1.4
Stealth        | |  2.4

Action                   |  1- 3 |  4- 6 |  7- 9 || total
-------------------------+-------+-------+-------++-------
Melee: Hand axe          |     2 |       |       ||     2
       Club              |       |     1 |       ||     1
       Short sword       |       |    13 |    23 ||    36
 Cast: Magic Dart        |    93 |   185 |   234 ||   512
       Dazzling Spray    |       |     9 |    41 ||    50
Evoke: Wand              |       |       |     3 ||     3
  Use: Scroll            |     4 |     8 |     8 ||    20
 Stab: Invisible         |       |       |     3 ||     3
  Eat: Chunk             |     2 |    12 |    11 ||    25
       Ration            |       |       |     1 ||     1
Armor: Robe              |     1 |       |     5 ||     6
Dodge: Dodged            |     7 |    39 |   111 ||   157

Table legend:
 A = Non-vault XP
 B = Vault XP
 C = Vault XP percentage of total XP
 D = Non-vault monster count
 E = Vault monster count
 F = Vault count percentage of total count
                 A         B        C        D         E       F
            +---------+---------+-------+---------+---------+-------
      Total |    2916 |     116 |   3.8 |     166 |      29 |  14.9
            +---------+---------+-------+---------+---------+-------
        D:1 |      58 |       0 |   0.0 |      27 |       0 |   0.0
        D:2 |      75 |      80 |  51.6 |      26 |      28 |  51.9
        D:3 |     190 |       0 |   0.0 |      35 |       0 |   0.0
        D:4 |     331 |      36 |   9.8 |       9 |       1 |  10.0
        D:5 |     600 |       0 |   0.0 |      27 |       0 |   0.0
        D:6 |     813 |       0 |   0.0 |      24 |       0 |   0.0
        D:7 |     849 |       0 |   0.0 |      18 |       0 |   0.0
            +---------+---------+-------+---------+---------+-------
